AoeStats
← Sid

Arabia

509289323Analyzed
2v2 RM · 5d ago on Sep 26, 2026· 35m 39s· 4 players
Game mode
Random Map
Map size
Medium (4 player)
Population
200
Speed
Normal
Resources
Standard
Victory
Conquest
Starting age
Dark Age
Ending age
Imperial Age
RankedLock teamsTeams togetherTeam positionsShared explorationLock speedFull tech treeHidden civsTurbo modeCheats
Victory
Defeat
🇯🇵 Vikings · Japan
1322
+17
🇯🇵 Varangians · Japan
1284
+18
🇨🇱 Ethiopians · Chile
1405
-21
🇨🇱 Saxons · Chile
1262
-14
fumin.jp
6:40 Loom
9:19 Feudal Age
9:54 Double-Bit Axe
18:20 Town Watch
23:10 Castle Age
22:29 Fletching
22:40 Padded Archer Armor
23:28 Padded Archer Armor
23:49 Horse Collar
23:59 Crossbowman
24:35 Bodkin Arrow
24:55 Leather Archer Armor
27:11 Bow Saw
26:53 Gold Mining
27:46 Ballistics
27:57 Elite Skirmisher
30:18 Heavy Plow
36:20 Imperial Age
Sid
6:17 Loom
9:10 Feudal Age
9:54 Double-Bit Axe
15:25 Bloodlines
16:28 Horse Collar
22:31 Wheelbarrow
26:53 Castle Age
25:06 Town Watch
26:52 Scale Barding Armor
26:38 Gold Mining
27:00 Forging
28:15 Chain Barding Armor
29:52 Stone Mining
30:46 Stone Mining
31:31 Husbandry
31:58 Heavy Plow
33:42 Iron Casting
34:03 Bow Saw
AiM | Pibe cantina
5:09 Loom
9:33 Feudal Age
11:43 Double-Bit Axe
16:01 Fletching
20:32 Padded Archer Armor
26:44 Castle Age
25:23 Town Watch
25:22 Horse Collar
26:54 Elite Skirmisher
26:55 Crossbowman
27:31 Bodkin Arrow
31:36 Ballistics
32:50 Scale Mail Armor
34:43 Chain Mail Armor
34:43 Leather Archer Armor
AiM | Velatrixxx
7:16 Loom
9:28 Feudal Age
9:54 Double-Bit Axe
9:51 Horse Collar
19:05 Padded Archer Armor
19:51 Fletching
25:25 Castle Age
25:43 Crossbowman
26:28 Thumb Ring
30:22 Wheelbarrow
30:31 Bodkin Arrow
31:31 Stone Mining
31:31 Gold Mining
32:26 Leather Archer Armor
Connection lost

Rejoining the realm…

Still unreachable

The connection could not be restored.

Session expired

The server has moved on; the page needs a fresh start.